AoeStats
← jhonskull87

African Clearing

504278629Analyzed
3v3 RM · 29d ago on Sep 4, 2026· 87m 38s· 6 players
Game mode
Random Map
Map size
Normal (6 player)
Population
200
Speed
Normal
Resources
Standard
Victory
Conquest
Starting age
Dark Age
Ending age
Imperial Age
RankedLock teamsTeams togetherTeam positionsShared explorationLock speedFull tech treeHidden civsTurbo modeCheats
Victory
Defeat
🇨🇦 Burgundians · Canada
723
+14
🇲🇽 Bohemians · Mexico
602
+19
🇲🇽 Persians · Mexico
599
+19
🇩🇪 Poles · Germany
689
-18
🇩🇪 Spanish · Germany
681
-18
🇩🇪 Aztecs · Germany
639
-16
TomaszTomasson
16:53 Feudal Age
17:01 Man-at-Arms
17:57 Horse Collar
18:16 Double-Bit Axe
19:35 Wheelbarrow
19:23 Scale Mail Armor
20:32 Arson
21:16 Forging
24:01 Padded Archer Armor
24:08 Fletching
34:03 Castle Age
34:07 Long Swordsman
34:48 Squires
34:58 Thumb Ring
35:45 Heavy Plow
37:30 Hand Cart
41:25 Szlachta Privileges
42:29 Ballistics
42:47 Bodkin Arrow
43:15 Leather Archer Armor
43:36 Chain Mail Armor
44:02 Iron Casting
43:44 Gold Mining
43:56 Stone Mining
50:01 Imperial Age
50:11 Heavy Cavalry Archer
50:16 Two-Handed Swordsman
52:46 Chemistry
52:14 Champion
58:01 Conscription
58:07 Bracer
59:09 Blast Furnace
73:20 Bloodlines
73:11 Husbandry
74:07 Cavalier
Superman-lev
17:34 Feudal Age
15:52 Loom
19:08 Double-Bit Axe
20:57 Wheelbarrow
20:08 Town Watch
22:55 Arson
23:32 Padded Archer Armor
23:23 Fletching
25:49 Scale Mail Armor
26:00 Forging
26:48 Horse Collar
27:19 Gold Mining
27:20 Stone Mining
31:50 Castle Age
31:58 Eagle Warrior
32:53 Crossbowman
35:04 Squires
34:50 Gambesons
41:20 Imperial Age
39:07 Hand Cart
39:38 Bow Saw
40:05 Gold Shaft Mining
40:25 Heavy Plow
41:44 Elite Eagle Warrior
47:45 Crop Rotation
46:53 Arbalester
49:00 Elite Jaguar Warrior
51:16 Chain Mail Armor
51:17 Leather Archer Armor
51:38 Iron Casting
50:59 Bodkin Arrow
83:16 Town Patrol
NitroStar99
16:46 Feudal Age
17:09 Horse Collar
25:04 Scale Barding Armor
25:59 Double-Bit Axe
28:24 Forging
28:27 Loom
30:58 Castle Age
33:02 Bloodlines
32:53 Husbandry
33:24 Chain Barding Armor
36:12 Imperial Age
35:44 Ballistics
36:35 Iron Casting
38:42 Chemistry
37:52 Heavy Plow
38:50 Elite Conquistador
40:33 Herbal Medicine
41:41 Gold Mining
43:02 Plate Barding Armor
49:32 Blast Furnace
58:19 Scale Mail Armor
White Wolf
5:01 Loom
17:41 Feudal Age
18:55 Horse Collar
20:42 Double-Bit Axe
20:52 Man-at-Arms
35:00 Castle Age
34:43 Forging
34:33 Scale Mail Armor
34:24 Fletching
34:34 Padded Archer Armor
35:21 Crossbowman
35:25 Long Swordsman
36:06 Squires
35:52 Arson
37:03 Bow Saw
41:01 Wheelbarrow
40:12 Town Watch
40:33 Heavy Plow
44:18 Chain Mail Armor
44:38 Iron Casting
44:00 Bodkin Arrow
44:51 Caravan
49:59 Chemistry
49:11 Fortified Wall
49:24 Ballistics
49:18 Pikeman
54:47 Imperial Age
56:55 Two-Man Saw
55:58 Town Patrol
56:55 Masonry
58:52 Conscription
58:40 Wagenburg Tactics
60:04 Halberdier
61:36 Houfnice
65:21 Hand Cart
65:17 Elite Hussite Wagon
81:14 Sappers
82:22 Iron Casting
82:17 Plate Mail Armor
81:48 Bracer
82:04 Leather Archer Armor
82:17 Bombard Tower
82:29 Architecture
82:06 Siege Engineers
81:54 Guard Tower
81:51 Arrowslits
84:31 Guilds
jhonskull87
16:18 Feudal Age
14:34 Loom
16:34 Man-at-Arms
17:50 Double-Bit Axe
22:36 Gold Mining
22:39 Stone Mining
24:29 Wheelbarrow
24:59 Bloodlines
30:07 Horse Collar
31:28 Forging
31:24 Scale Barding Armor
38:11 Castle Age
40:00 Heavy Plow
40:14 Bow Saw
40:18 Elite Skirmisher
41:29 Husbandry
41:22 Town Watch
41:46 Scale Mail Armor
43:07 Fletching
43:17 Padded Archer Armor
44:48 Gold Shaft Mining
44:55 Stone Shaft Mining
46:19 Hand Cart
47:15 Town Patrol
47:50 Thumb Ring
48:15 Parthian Tactics
52:09 Kamandaran
58:03 Imperial Age
56:34 Iron Casting
55:55 Bodkin Arrow
56:16 Leather Archer Armor
56:22 Chain Barding Armor
62:05 Light Cavalry
77:55 Crossbowman
80:43 Leather Archer Armor
86:43 Iron Casting
86:29 Chain Barding Armor
86:15 Capped Ram
Searam
4:10 Wheelbarrow
6:31 Loom
7:32 Loom
12:27 Double-Bit Axe
12:29 Horse Collar
16:35 Feudal Age
21:36 Castle Age
20:15 Bow Saw
26:08 Cavalier
26:49 Husbandry
34:45 Two-Man Saw
34:01 Hand Cart
33:54 Heavy Plow
36:53 Forging
36:49 Scale Barding Armor
43:41 Imperial Age
41:20 Burgundian Vineyards
43:59 Paladin
44:38 Fletching
45:23 Iron Casting
45:08 Chain Barding Armor
45:37 Caravan
49:47 Crop Rotation
49:35 Elite Skirmisher
54:39 Ballistics
57:33 Blast Furnace
57:09 Plate Barding Armor
56:35 Padded Archer Armor
56:25 Fletching
57:49 Light Cavalry
60:33 Hussar
67:14 Leather Archer Armor
66:55 Bodkin Arrow
71:25 Fortified Wall
83:54 Conscription
85:11 Spies/Treason
Connection lost

Rejoining the realm…

Still unreachable

The connection could not be restored.

Session expired

The server has moved on; the page needs a fresh start.